 Dungeon Crawl Stone Soup version 0.17.0-28-g6e173f8 (webtiles) character file.

58 root the Chucker (level 4, -2/45 HPs)
             Began as an Ogre Hunter on Nov 27, 2015.
             Was an Initiate of Gozag.
             Slain by Grinder (8 damage)
             ... while paralysed by Grinder
             ... on level 3 of the Dungeon.
             The game lasted 00:12:20 (2743 turns).

root the Chucker (Ogre Hunter)                      Turns: 2743, Time: 00:12:22

Health: -2/45      AC:  3    Str: 22    XL:     4   Next: 1%
Magic:  4/4        EV:  1    Int: 15    God:    Gozag
Gold:   155        SH:  0    Dex: 16    Spells: 0 memorised, 3 levels left

rFire  + . .     SeeInvis .     g - +0 club
rCold  + . .     Clarity  .     b - +0 robe
rNeg   . . .     SustAt   .     (no shield)
rPois  +         Gourm    .     (helmet restricted)
rElec  +         Spirit   .     (no cloak)
rCorr  +         Warding  .     (gloves unavailable)
rMut   .         Stasis   .     (boots unavailable)
MR     .....                    (no amulet)
Stlth  ++........               (no ring)
                                (no ring)

@: paralysed, mighty, brilliant, agile, resistant, drained, not resistant to
hostile enchantments, unstealthy
A: unfitting armour, tough skin 1
a: Potion Petition, Call Merchant, Bribe Branch, Renounce Religion


You were on level 3 of the Dungeon.
You worshipped Gozag.
Gozag was noncommittal.
You were not hungry.

You visited 1 branch of the dungeon, and saw 3 of its levels.

You collected 155 gold pieces.

Inventory:

Hand Weapons
 a - a +0 short sword
 g - a +0 club (weapon)
Missiles
 c - 5 large rocks
 d - 2 throwing nets
 f - 50 stones (quivered)
Armour
 b - a +0 robe (worn)
Scrolls
 h - a scroll of enchant weapon {unknown}
 i - 3 scrolls of identify {unknown}
 m - a scroll of immolation {unknown}
 o - a scroll of magic mapping {unknown}
Potions
 j - a potion of mutation {unknown}
 k - a potion of curing {unknown}
 l - 2 potions of heal wounds {unknown}
Comestibles
 e - a bread ration
 n - a meat ration


   Skills:
 + Level 3.1(2.4) Fighting
 + Level 2.1(1.4) Maces & Flails
 + Level 4.3(3.6) Throwing
 + Level 2.6(1.9) Dodging
 - Level 0.7(0.0) Stealth


You had 3 spell levels left.
You didn't know any spells.

Dungeon Overview and Level Annotations

Branches:
Dungeon (3/15)

Altars:
Gozag
Kikubaaqudgha
Trog
Vehumet
Yredelemnul

Annotations:
D:2 Sigmund
D:3 Grinder, Jessica


Innate Abilities, Weirdness & Mutations

You are too large for most types of armour.
You have tough skin (AC +1).


Message History

Grinder is lightly wounded.
Grinder gestures.
Grinder blinks!
Grinder says, "Just stop there for a second..."
You see here 8 gold pieces.
Grinder hits you.
You writhe in agony.
You barely miss Grinder.
Grinder is lightly wounded.
Grinder says, "Don't move a muscle."
Grinder gestures at you.
You suddenly lose the ability to move!
Grinder hits you.
You writhe in agony.
* * * LOW HITPOINT WARNING * * *
Jessica the Apprentice Sorceress comes into view.
Jessica shouts!
Jessica zaps a wand.
The puff of flame hits you! You resist.
* * * LOW HITPOINT WARNING * * *
It is a wand of flame.
Grinder hits you!
You die...
Your body crumbles into a pile of gold.

##.......#
##..####... #..##
####. #.#####8###
#.#...#_≈≈#
#....##..≈≈
##..####...≈
##########..## #8_...
#..5@.$......####...≈
#...######.....##..≈≈
#... ##.#...#_≈≈#
#... #.#####8### $
..... #..## ####.
#.##.. ##..####...
... ... ##........ @.
... ###.##.#. #......


You could see Grinder and Jessica.

Vanquished Creatures
  An adder (D:2)
  An adder zombie (D:2)
  A worm (D:2)
  A giant gecko (D:1)
  2 orcs (D:3)
  7 bats
  A bat skeleton (D:2)
  5 hobgoblins
  2 jackals (D:1)
  4 ball pythons
  2 giant cockroaches (D:1)
  A giant cockroach zombie (D:2)
  A giant newt (D:3)
  4 goblins
  5 kobolds
  2 rats
  A plant (D:2)
41 creatures vanquished.

Notes
Turn   | Place    | Note
--------------------------------------------------------------
     0 | D:1      | root the Ogre Hunter began the quest for the Orb.
     0 | D:1      | Reached XP level 1. HP: 22/22 MP: 1/1
   462 | D:1      | Reached XP level 2. HP: 26/29 MP: 2/2
  1344 | D:2      | Reached skill level 1 in Maces & Flails
  1344 | D:2      | Reached XP level 3. HP: 16/37 MP: 3/3
  1632 | D:2      | Found a faded altar to an unknown god.
  1663 | D:2      | Became a worshipper of Gozag Ym Sagoz the Greedy
  1771 | D:2      | Found a radiant altar of Vehumet.
  2448 | D:2      | Noticed Sigmund
  2688 | D:3      | Found a bloodstained altar of Trog.
  2688 | D:3      | Found a basalt altar of Yredelemnul.
  2689 | D:3      | Found an ancient bone altar of Kikubaaqudgha.
  2691 | D:3      | Reached XP level 4. HP: 35/45 MP: 4/4
  2726 | D:3      | Noticed Grinder
  2741 | D:3      | Paralysed by Grinder for 5 turns
  2743 | D:3      | Noticed Jessica
  2743 | D:3      | Slain by Grinder

Action                   |  1- 3 |  4- 6 || total
-------------------------+-------+-------++-------
Melee: Short sword       |    14 |       ||    14
       Club              |   221 |     6 ||   227
Throw: Stone             |    64 |       ||    64
Invok: Potion Petition   |       |     1 ||     1
 Stab: Sleeping          |     1 |       ||     1
  Eat: Chunk             |     3 |       ||     3
       Bread ration      |     1 |       ||     1
